 Dungeon Crawl Stone Soup version 0.21.1-1-g345015f (webtiles) character file.

807 inc the Conjurer (level 7, 0/41 HPs)
             Began as an Octopode Conjurer on June 11, 2018.
             Was an Initiate of Gozag.
             Slain by a centaur skeleton (6 damage)
             ... on level 5 of the Dungeon.
             The game lasted 00:08:10 (5753 turns).

inc the Conjurer (Octopode Conjurer)                Turns: 5753, Time: 00:08:11

Health: 0/41       AC:  1    Str:  7      XL:     7   Next: 92%
Magic:  1/16       EV: 13    Int: 19 (20) God:    Gozag
Gold:   467        SH:  0    Dex: 11 (12) Spells: 12/18 levels left

rFire    . . .     SeeInvis .   m - +0 morningstar
rCold    . . .     Gourm    .   (no shield)
rNeg     . . .     Faith    .   (helmet restricted)
rPois    .         Spirit   .   (no amulet)
rElec    .         Reflect  .   (no ring)
rCorr    .         Harm     .   (no ring)
MR       .....                  (no ring)
Stlth    +++.......             (no ring)
HPRegen  0.13/turn              (no ring)
MPRegen  0.15/turn              (no ring)
                                (no ring)
                                (no ring)

@: gold aura
A: almost no armour, stealthy swim, amphibious, 8 rings, constrict 8, tentacle
spike 1, camouflage 1, deterioration 1, gelatinous body 1
a: Potion Petition, Call Merchant, Bribe Branch, Renounce Religion


You were on level 5 of the Dungeon.
You worshipped Gozag.
Gozag was aware of your devotion.
You were not hungry.

You visited 2 branches of the dungeon, and saw 6 of its levels.

You collected 492 gold pieces.
You paid 25 gold pieces to Gozag.

Inventory:

Hand Weapons
 j - a +0 dagger
 m - a +0 morningstar (weapon)
Jewellery
 e - a +3 ring of evasion {unknown}
Scrolls
 b - 2 scrolls of amnesia {unknown}
 f - 2 scrolls of magic mapping {unknown}
 h - a scroll of fear {unknown}
 i - 2 scrolls of remove curse {unknown}
Potions
 d - a potion of cancellation
 k - 2 potions of degeneration
 l - a potion of magic
Books
 a - a book of Conjurations

   Spells                             Type                      Level
   a - Magic Dart                     Conjuration                  1
   b - Searing Ray                    Conjuration                  2
   c - Dazzling Spray                 Conjuration/Hexes            3
   d - Fulminant Prism                Conjuration/Hexes            4
   e - Force Lance                    Conjuration/Translocation    4
   f - Iskenderun's Mystic Blast      Conjuration                  4
Comestibles
 c - 5 rations


   Skills:
 - Level 2.0 Dodging
 - Level 2.6 Stealth
 + Level 6.0 Spellcasting
 - Level 7.1 Conjurations


You had 12 spell levels left.
You knew the following spells:

 Your Spells              Type           Power        Failure   Level  Hunger
a - Magic Dart            Conj           ####         1%          1    None
b - Searing Ray           Conj           ####..       1%          2    None
c - Dazzling Spray        Conj/Hex       ###...       8%          3    ##.....


Dungeon Overview and Level Annotations

Branches:
Dungeon (5/15)             Temple (1/1) D:4

Altars:
Ashenzari
Dithmenos
Elyvilon
Gozag
Hepliaklqana
Kikubaaqudgha
Nemelex Xobeh
Okawaru
Ru
Sif Muna
Trog
Vehumet
Wu Jian
Yredelemnul
The Shining One
Jiyva


Innate Abilities, Weirdness & Mutations

You cannot wear most types of armour.
You are very stealthy in the water. (Stealth+)
You are amphibious.
You can wear up to eight rings at the same time.
You can use your tentacles to constrict eight enemies at once.
Your skin changes colour to match your surroundings (Stealth+).
Your rubbery body absorbs attacks. (AC +1, EV +1)
One of your tentacles bears a spike.
Your body sometimes deteriorates upon taking damage.


Message History

Casting: Magic Dart
Confirm with . or Enter, or press ? or * to list all spells.
Aiming: Magic Dart
Press: ? - help, Shift-Dir - straight line, f/p - centaur skeleton
Aim: a centaur skeleton (severely damaged)
The magic dart hits the centaur skeleton.
The centaur skeleton is almost destroyed.
The adder skeleton bites you. The centaur skeleton hits you!
* * * LOW HITPOINT WARNING * * *
Your body deteriorates!
You feel dopey.
Casting: Magic Dart
Confirm with . or Enter, or press ? or * to list all spells.
Aiming: Magic Dart
Press: ? - help, Shift-Dir - straight line, f/p - centaur skeleton
Aim: a centaur skeleton (almost destroyed)
The magic dart hits the centaur skeleton.
The centaur skeleton is almost destroyed.
The adder skeleton barely misses you. The centaur skeleton hits you.
You die...
Your body crumbles into a pile of gold.

#.#
#..)..##........ $
#.# ##..#.##.#....#
#># #..#.........##
#(#
#..#.#.....<..##
#.#
#......#$.......
#.# ##.#>...<..#
#.#### #.(..#$####
#....#
###....#####.#$#
####.#
#(..$Z@Z.....# #.#
#(########.#.# #.#
#.# #.# #.# #.# #.#
#.######.########.#
#.<.cFc...........#
########.####.##
.....####.#######


You could see an adder skeleton and a centaur skeleton.

Vanquished Creatures
  Menkaure (D:4)
  3 ogres
  A scorpion (D:4)
  A bullfrog zombie (D:5)
  A quasit (D:4)
  A bullfrog skeleton (D:5)
  2 hounds (D:4)
  An iguana (D:4)
  A worker ant (D:4)
  8 adders
  An ooze (D:2)
  An adder skeleton (D:4)
  A worm (D:5)
  2 dart slugs (D:1)
  2 leopard geckos (D:2)
  23 orcs
  2 giant cockroaches (D:1)
  5 goblins
  8 hobgoblins
  4 jackals (D:5)
  6 kobolds
  2 ball pythons
  3 bats
  3 frilled lizards
  4 rats
  A spectral orc (D:2)
88 creatures vanquished.

Notes
Turn   | Place    | Note
-------+----------+-------------------------------------------
     0 | D:1      | inc the Octopode Conjurer began the quest for the Orb.
     0 | D:1      | Reached XP level 1. HP: 11/11 MP: 3/3
   474 | D:1      | Reached XP level 2. HP: 9/17 MP: 0/5
   629 | D:1      | Found an iron altar of Okawaru.
  1159 | D:1      | Found a viscous altar of Jiyva.
  1171 | D:1      | Reached XP level 3. HP: 9/21 MP: 1/6
  1487 | D:2      | Reached skill level 5 in Conjurations
  1559 | D:2      | Learned a level 2 spell: Searing Ray
  1563 | D:2      | Learned a level 3 spell: Dazzling Spray
  1667 | D:2      | You fall through a shaft for 2 floors!
  1679 | D:4      | Found a staircase to the Ecumenical Temple.
  1686 | Temple   | Entered the Ecumenical Temple
  1821 | Temple   | Became a worshipper of Gozag Ym Sagoz the Greedy
  1930 | D:4      | Noticed an ogre
  2291 | D:4      | Reached XP level 4. HP: 27/27 MP: 3/7
  2368 | D:4      | Noticed an ogre
  2384 | D:4      | Killed an ogre
  2384 | D:4      | Reached skill level 6 in Conjurations
  2384 | D:4      | Reached XP level 5. HP: 11/31 MP: 1/8
  2587 | D:4      | Killed an ogre
  2587 | D:4      | Reached skill level 7 in Conjurations
  2587 | D:4      | Reached XP level 6. HP: 17/36 MP: 1/9
  3540 | D:2      | Found a basalt altar of Yredelemnul.
  4007 | D:4      | HP: 1/36 [iguana (11)]
  4365 | D:4      | Reached XP level 7. HP: 41/41 MP: 5/13
  4752 | D:5      | Entered Level 5 of the Dungeon
  4840 | D:5      | Reached skill level 5 in Spellcasting
  4950 | D:5      | Gained mutation: Your body sometimes deteriorates upon taking damage. [potion of mutation]
  4950 | D:5      | Gained mutation: One of your tentacles bears a spike. [potion of mutation]
  5237 | D:5      | Noticed Menkaure
  5479 | D:4      | Killed Menkaure
  5753 | D:5      | Slain by a centaur skeleton

Skill      XL: |  1  2  3  4  5  6  7 |
---------------+----------------------+-----
Conjurations   | 5 6 7 |  7.1
Spellcasting   | 4 6 |  6.0
Dodging        | |  2.0
Stealth        | |  2.6

Action                   |  1- 3 |  4- 6 |  7- 9 || total
-------------------------+-------+-------+-------++-------
Melee: Unarmed           |    33 |       |       ||    33
       Constrict         |     8 |     1 |     3 ||    12
       Tentacles         |     6 |     2 |     1 ||     9
       Dagger            |       |     9 |       ||     9
       Morningstar       |       |     1 |    10 ||    11
 Cast: Magic Dart        |    55 |    70 |    38 ||   163
       Searing Ray       |     4 |     9 |     8 ||    21
  Use: Scroll            |     1 |     4 |     1 ||     6
       Potion            |       |       |     5 ||     5
 Stab: Distracted        |       |     1 |       ||     1
       Sleeping          |       |     1 |       ||     1
  Eat: Chunk             |     3 |       |       ||     3
       Ration            |     2 |     1 |     1 ||     4
Armor: Skin              |     4 |     2 |       ||     6
Dodge: Dodged            |    36 |    21 |    48 ||   105
